 Dungeon Crawl Stone Soup version 0.14-a0-3424-g5348755 (webtiles) character file.

202 Econoterrorist the Sneak (level 4, -3/21 HPs)
             Began as a Spriggan Enchanter on Mar 22, 2014.
             Slain by a giant mite (5 damage)
             ... on Level 2 of the Dungeon.
             The game lasted 00:09:10 (2221 turns).

Econoterrorist the Sneak (Spriggan Enchanter)       Turns: 2221, Time: 00:09:10

HP  -3/21        AC  3     Str  5      XL: 4   Next: 31%
MP   8/12        EV 18     Int 16      God:
Gold 113         SH  0     Dex 16      Spells:  3 memorised,  2 levels left

rFire  . . .     SeeInvis +     u - +0,+1 cutlass
rCold  . . .     Clarity  .     b - +1 robe
rNeg   + . .     Conserve .     (shield restricted)
rPois  +         rCorr    .     (helmet restricted)
rElec  .         rRot     .     (no cloak)
SustAb . .       Spirit   .     (gloves unavailable)
rMut   .         Warding  .     (boots unavailable)
Saprov . . .     Stasis   .     (no amulet)
MR     .....                    w - ring of poison resistance {unknown}
                                i - ring of positive energy {unknown}

@: very quick, not resistant to hostile enchantments, very stealthy
A: unfitting armour, see invisible, herbivore 3, speed 3, slow metabolism 2
a: no special abilities


You were on level 2 of the Dungeon.
You were not hungry.

You visited 1 branch of the dungeon, and saw 3 of its levels.

You collected 113 gold pieces.

Inventory:

Hand weapons
 p - a +0,+0 dagger of draining
 t - a +1,+1 short sword of venom
 u - a +0,+1 cutlass (weapon)
Missiles
 d - 12 darts (quivered)
Armour
 b - a +1 robe (worn)
Magical devices
 a - a wand of flame (12)
 o - a wand of flame (13)
Comestibles
 j - a choko
 n - a bread ration
Scrolls
 h - 2 scrolls of blinking
 l - a scroll of fog {unknown}
 m - a scroll of enchant weapon II {unknown}
 q - a scroll of recharging {unknown}
 r - 2 scrolls of identify {unknown}
 s - a scroll of teleportation {unknown}
 v - a scroll of remove curse {unknown}
 y - a scroll of magic mapping {unknown}
Jewellery
 i - a ring of positive energy (left hand) {unknown}
 w - a ring of poison resistance (right hand) {unknown}
 x - a +2 ring of strength {unknown}
Potions
 e - a potion of porridge
 f - a potion of heal wounds {unknown}
 g - a potion of paralysis {unknown}
 k - a potion of haste {unknown}
 z - a potion of curing {unknown}
 A - a potion of magic {unknown}
Books
 c - a book of Maledictions

   Spells                             Type                      Level
   *Corona                            Hexes                        1
   Sure Blade                         Hexes/Charms                 2
   *Ensorcelled Hibernation           Hexes/Ice                    2
   *Confuse                           Hexes                        3
   Enslavement                        Hexes                        4
   Invisibility                       Hexes                        6


   Skills:
 - Level 1.1 Short Blades
 - Level 1.1 Throwing
 - Level 3.0 Dodging
 + Level 7.2 Stealth
 - Level 2.6 Spellcasting
 - Level 3.6 Hexes


You had 2 spell levels left.
You knew the following spells:

 Your Spells              Type           Power        Failure   Level  Hunger
a - Corona                Hex            ##.....      6%          1    #......
b - Ensorcelled Hibernat  Hex/Ice        #.....       17%         2    ##.....
c - Confuse               Hex            ##......     14%         3    ###....


Dungeon Overview and Level Annotations

Branches:
Dungeon (3/15)

Altars:
Elyvilon


Innate Abilities, Weirdness & Mutations

You are tiny and cannot use many weapons and most armour.
You have supernaturally acute eyesight.
You are a herbivore.
You cover ground extremely quickly.
You need consume almost no food.


Message History

Aiming: Ensorcelled Hibernation
Press: ? - help, Shift-Dir - straight line, f - orc
Aim: an orc The orc looks drowsy...
The giant mite bites you. The orc hits you.
The helpless orc fails to defend itself.
You slice the orc!!
You kill the orc!
The orc hits you but does no damage. The giant mite closely misses you.
Casting: Ensorcelled Hibernation
Confirm with . or Enter, or press ? or * to list all spells.
Aiming: Ensorcelled Hibernation
Press: ? - help, Shift-Dir - straight line, f - orc
Aim: an orc wearing a ring mail The orc resists with significant effort.
The orc barely misses you. The giant mite bites you.
* * * LOW HITPOINT WARNING * * *
The orc hits you.
* * * LOW HITPOINT WARNING * * *
The giant mite bites you.
You die...

....# ###.# #.# #.#
#.# #.#
#.###############
###.............s>#
................@o#
#################.#
...###...## #.#
...##.....## #.#
...#.......# #.#
...'...)...# #.#
...#.......# #.#
...##.....## #.#
...###...## #.#


You could see a giant mite and an orc.

Vanquished Creatures
  Terence (D:2)
  3 adders (D:2)
  2 giant geckos
  2 orcs (D:2)
  A ball python (D:2)
  4 bats
  8 hobgoblins
  7 kobolds
  4 quokkas (D:2)
  2 giant cockroaches
  3 giant newts (D:2)
  5 goblins
  5 rats
47 creatures vanquished.

Notes
Turn   | Place    | Note
--------------------------------------------------------------
     0 | D:1      | Econoterrorist, the Spriggan Enchanter, began the quest for the Orb.
     0 | D:1      | Reached XP level 1. HP: 9/9 MP: 4/4
   157 | D:1      | Reached skill level 4 in Stealth
   182 | D:1      | Reached XP level 2. HP: 13/13 MP: 7/7
   612 | D:1      | Learned a level 2 spell: Ensorcelled Hibernation
   828 | D:2      | Reached skill level 5 in Stealth
  1088 | D:2      | Reached XP level 3. HP: 16/16 MP: 1/9
  1093 | D:2      | Learned a level 3 spell: Confuse
  1270 | D:2      | Reached skill level 6 in Stealth
  1379 | D:2      | Found a white marble altar of Elyvilon.
  1595 | D:2      | Noticed Terence
  1603 | D:2      | Killed Terence
  1687 | D:2      | Reached XP level 4. HP: 13/21 MP: 6/12
  1931 | D:2      | Reached skill level 7 in Stealth
  2221 | D:2      | Slain by a giant mite

Action                   |  1- 3 |  4- 6 || total
-------------------------+-------+-------++-------
Melee: Dagger            |    69 |       ||    69
       Cutlass           |    24 |    17 ||    41
       Short sword       |     1 |       ||     1
 Cast: Corona            |     3 |       ||     3
       Ensorcelled Hiber |     8 |     7 ||    15
Evoke: Wand              |     1 |       ||     1
  Use: Scroll            |     1 |       ||     1
 Stab: Sleeping          |    13 |     5 ||    18
       Distracted        |     1 |     1 ||     2
